 Dungeon Crawl Stone Soup version 0.27-a0-819-g058290f16d (console) character file.

Game seed: 135831052632151156

141666 jejorda2 the Phalangite (level 17, -2/137 HPs)
             Began as a Merfolk Berserker on Mar 29, 2021.
             Was a High Priest of Trog.
             Shot with a bolt by a naga sharpshooter (20 damage)
             ... on level 4 of the Snake Pit.
             The game lasted 01:27:32 (38511 turns).

jejorda2 the Phalangite (Merfolk Berserker)        Turns: 38511, Time: 01:27:33

Health: -2/137     AC: 33    Str: 26    XL:     17   Next: 33%
Magic:  17/17      EV: 15    Int:  6    God:    Trog [*****.]
Gold:   1499       SH:  5    Dex: 23    Spells: 16/16 levels left

rFire    . . .     SeeInvis .   a - +4 bardiche (flame)
rCold    . . .     Faith    .   (shield currently unavailable)
rNeg     . . .     Spirit   .   Y - +7 chain mail of Recklessness {Dex+4}
rPois    +         Reflect  +   D - +2 hat
rElec    +         Harm     .   Z - +2 cloak {rPois}
rCorr    .         Rampage  .   A - +2 pair of gloves {Str+3}
Will     +....                  e - +0 pair of boots {Fly}
Stlth    ..........             Q - amulet of reflection
HPRegen  0.32/turn              y - ring of the Saviour {+Fly rElec Dex+4}
MPRegen  0.15/turn              I - +4 ring of protection

@: lethally poisoned (-2 -> -6), flying, slowed, very slow
A: (nimble swimmer 2), mertail
a: Renounce Religion, Berserk, Trog's Hand, Brothers in Arms


You were on level 4 of the Snake Pit.
You worshipped Trog.
Trog was extremely pleased with you.
You visited 4 branches of the dungeon, and saw 26 of its levels.
You also visited: Bailey, Ice Cave and Volcano.

You collected 3298 gold pieces.
You spent 1799 gold pieces at shops.

Inventory:

Hand Weapons
 a - a +4 bardiche of flaming (weapon)
 b - a +1 antimagic bardiche
Missiles
 n - 11 javelins (quivered)
 p - 71 poisoned darts
 v - 4 throwing nets
 B - 75 boomerangs
 C - 14 curare-tipped darts
 X - 3 datura-tipped darts
Armour
 e - a +0 pair of boots of flying (worn)
 A - a +2 pair of gloves of strength (worn)
 D - a +2 hat (worn)
 Y - the +7 chain mail of Recklessness (worn) {Dex+4}
   (You bought it in a shop on level 3 of the Dungeon)

   It affects your dexterity (+4).
 Z - a +2 cloak of poison resistance (worn)
Jewellery
 m - a ring of fire
 y - the ring of the Saviour (left hand) {+Fly rElec Dex+4}
   (You acquired it on level 6 of the Dungeon)

   [ring of flight]

   It affects your dexterity (+4).
   It insulates you from electricity.
   It grants you flight.
 G - a +4 ring of slaying
 H - a ring of protection from cold
 I - a +4 ring of protection (right hand)
 M - a ring of see invisible
 Q - an amulet of reflection (around neck)
 S - a ring of resist corrosion
Wands
 j - a wand of acid (26)
 l - a wand of flame (54)
 q - a wand of iceblast (15)
 u - a wand of digging (1)
 w - a wand of mindburst (14)
 x - a wand of paralysis (40)
 J - a wand of charming (14)
 K - a wand of polymorph (13)
Scrolls
 g - 13 scrolls of teleportation
 r - a scroll of fear
 L - a scroll of fog
 N - 4 scrolls of blinking
 P - a scroll of summoning
 R - 2 scrolls of silence
 U - a scroll of identify
Potions
 c - 2 potions of cancellation
 d - 2 potions of attraction
 f - 8 potions of mutation
 h - 7 potions of haste
 i - 3 potions of ambrosia
 k - 6 potions of might
 o - 2 potions of flight
 s - a potion of resistance
 t - 3 potions of heal wounds
 z - 7 potions of curing
 E - 3 potions of berserk rage
 T - a potion of lignification
Miscellaneous
 F - a condenser vane
 O - a lightning rod (4/4)


   Skills:
 + Level 13.3 Fighting
 - Level 26.3 Polearms
 * Level 7.9 Throwing
 + Level 10.9 Armour
 * Level 9.0 Dodging
 - Level 3.0 Stealth
 - Level 2.0 Shields
 * Level 7.7 Evocations


You had 16 spell levels left.
You didn't know any spells.
Your spell library contained the following spells:

 Spells                   Type           Power      Damage    Failure   Level
 Animate Skeleton         Necr           0%         N/A       92%         1
 Pain                     Necr           0%         1d4       92%         1
 Blink                    Tloc           N/A        N/A       98%         2
 Gell's Gravitas          Tloc           0%         N/A       100%        3
 Lesser Beckoning         Tloc           0%         N/A       100%        3
 Teleport Other           Tloc           0%         N/A       100%        3
 Vampiric Draining        Necr           0%         2d6       100%        3
 Animate Dead             Necr           0%         N/A       100%        4
 Ice Form                 Ice/Tmut       0%         N/A       100%        4
 Agony                    Necr           0%         N/A       100%        5
 Manifold Assault         Tloc           0%         N/A       100%        5
 Metabolic Englaciation   Hex/Ice        0%         N/A       100%        5
 Freezing Cloud           Conj/Ice/Air   0%         6-21      100%        6
 Simulacrum               Ice/Necr       0%         N/A       100%        6
 Ozocubu's Refrigeration  Ice            0%         4d5       100%        7


Dungeon Overview and Level Annotations

Branches:
Dungeon (14/15)            Temple (0/1) D:6            Lair (6/6) D:11
 Shoals (0/4) Lair:2        Snake (4/4) Lair:3        Slime (0/5) Lair:5
    Orc (2/2) D:9             Elf (0/3) Orc:2        Vaults (0/5) D:13
 Bailey (visited)           IceCv (visited)         Volcano (visited)

Altars:
Cheibriados
Elyvilon
Fedhas
Gozag
Kikubaaqudgha
Ru
Sif Muna
Vehumet
Wu Jian
Xom
Yredelemnul
Beogh

Shops:
D:1 =   D:2 (   D:3 **:*   D:4 *   D:10 *   Orc:1 !   Orc:2 !!![   Snake:2 [
Snake:3 (

Annotations:
D:14 exclusion: fire crab, Azrael
Orc:1 2 transporters, Qihugg's ghost, journeyman DsAK


Innate Abilities, Weirdness & Mutations

((You are quick and stealthy near water. (Stealth+, EV+, Speed+++)))
Your lower body shifts to a powerful aquatic tail in water.


Message History

You feel very sick. The naga mage spits poison at you.
The splash of poison hits you but does no damage.
You are more poisoned.
You resist.
There is a stone staircase leading up, spattered with blood here.
You feel very sick.
The naga mage hits you but does no damage.
The naga mage grabs you.
You stop ascending the stairs.
The naga mage constricts you.
The naga sharpshooter mumbles some strange words.
The naga sharpshooter magically shoots a bolt.
The bolt hits you but does no damage.
The naga mage hits you but does no damage.
The naga mage constricts you.
The naga sharpshooter shoots a bolt.
The bolt hits you!
* * * LOW HITPOINT WARNING * * *
x2 Unknown command.
Unknown command.
Unknown command.
The naga mage's grasp on you weakens, but your attempt to escape fails.
You feel very sick. You block the naga mage's attack.
The naga mage constricts you.
The naga sharpshooter mumbles some strange words.
The naga sharpshooter magically shoots a bolt.
The bolt completely misses you. The naga mage spits poison at you.
The splash of poison hits you but does no damage.
You resist.
* * * LOW HITPOINT WARNING * * *
The naga mage constricts you.
Unknown command.
Unknown command.
You escape the naga mage's grasp.
You feel sick.
The naga mage gestures at the naga while chanting.
The naga seems to grow toxic.
The naga sharpshooter mumbles some strange words.
The naga sharpshooter magically shoots a bolt.
The bolt hits you!!
You die...

..............##
#.!...N.N....# ##..).NN.....#
##.....)....# #N....)...##
###### ##N....)...#
#....####..N†......#
#......##.N.)......# ##
#.........@.......## ###.
#.................# ##...
#.................## ##....
##..................###.....
#...........................
##.........#.................
#.........###................
#.........##.................
#.........###.................


You could see 2 naga sharpshooters, a salamander, 2 naga magi and 3 nagas.

Vanquished Creatures
  Jorgrun (D:12)
  Roxanne (Snake:1)
  A stone giant (Volcano)
  A salamander tyrant (Snake:2)
  Snorg (Orc:2)
  A fire dragon (Lair:6)
  3 boulder beetles
  9 hydras
  Fannar (Orc:1)
  7 anacondas
  9 naga warriors
  Erica (Orc:1)
  An ogre mage (D:13)
  4 centaur warriors
  3 catoblepae
  10 two-headed ogres
  10 shock serpents
  5 orc high priests
  8 naga sharpshooters
  A salamander mystic (Snake:2)
  A skeletal warrior (D:13)
  2 sea snakes (Snake:1)
  2 wizards
  2 orc sorcerers
  A lindwurm (Lair:6)
  3 naga ritualists
  10 orc knights
  6 salamanders
  A cyclops (D:12)
  9 mana vipers
  4 manticores
  3 ugly things
  13 elephants
  An ice statue (IceCv)
  19 black mambas
  2 guardian serpents
  12 naga magi
  4 centaur skeletons (D:13)
  7 torpor snails
  8 cane toads
  2 molten gargoyles (Volcano)
  3 gargoyles
  An unseen horror (D:11)
  6 komodo dragons
  4 rime drakes
  2 efreet
  9 polar bears (Lair:6)
  6 trolls
  8 hornets
  4 tyrant leeches (Lair:6)
  12 slime creatures
  A wind drake (Lair:2)
  16 blink frogs
  2 meliai zombies
  Prince Ribbit (D:7)
  4 dream sheep
  2 shadows (D:11)
  A water elemental (D:13)
  25 yaks
  A vampire (D:13)
  9 wyverns
  2 fire bats (Volcano)
  2 wraiths (D:13)
  7 basilisks
  2 fire elementals (Volcano)
  9 wargs
  21 nagas
  37 water moccasins
  3 acid dragons
  15 hell hounds (Lair:6)
  14 black bears
  34 orc warriors
  A hornet zombie (D:9)
  8 ice beasts
  10 ogres
  26 wolves
  11 centaurs
  A kobold brigand (D:10)
  A phantom (D:7)
  9 bullfrogs
  An earth elemental (Volcano)
  A scorpion (D:6)
  2 water moccasin skeletons
  7 killer bees (D:11)
  A howler monkey (D:8)
  A vampire bat (D:6)
  5 wights (D:9)
  An electric eel (Snake:1)
  6 lava snakes (Volcano)
  A crimson imp (D:12)
  3 centaur zombies (D:10)
  26 orc priests
  4 gnoll shamans (D:10)
  3 hounds
  15 jellies
  2 bullfrog skeletons (D:5)
  Jessica (D:2)
  2 iguanas (D:4)
  Ijyb (D:4)
  17 orc wizards
  7 hell rats
  27 gnolls
  A howler monkey skeleton (D:7)
  13 adders
  An ufetubus (D:5)
  4 worms
  3 dart slugs
  74 orcs
  3 bat skeletons (D:6)
  3 bat zombies (D:6)
  4 endoplasms
  A giant cockroach (D:1)
  12 goblins
  9 hobgoblins
  14 jackals
  3 quokkas
  6 ball pythons
  9 bats
  5 frilled lizards
  21 kobolds
  4 rats
844 creatures vanquished.

Vanquished Creatures (collateral kills)
  2 salamander mystics
  3 salamanders
  An ugly thing (IceCv)
  2 slime creatures (D:11)
  2 elephants (Lair:6)
  An ice statue (IceCv)
  A black mamba (Snake:1)
  4 blink frogs (Lair:6)
  3 dream sheep (Lair:6)
  3 yaks (Lair:6)
22 creatures vanquished.

Vanquished Creatures (others)
  32 fungi
  146 plants
178 creatures vanquished.

Grand Total: 1044 creatures vanquished

Notes
Turn   | Place    | Note
-------+----------+-------------------------------------------
     0 | D:1      | jejorda2 the Merfolk Berserker began the quest for the Orb.
     0 | D:1      | Reached XP level 1. HP: 18/18 MP: 1/1
    55 | D:1      | Reached XP level 2. HP: 24/24 MP: 2/2
   210 | D:1      | Found Giqotz's Jewellery Emporium.
   342 | D:1      | Reached skill level 5 in Polearms
   435 | D:1      | Reached XP level 3. HP: 21/29 MP: 3/3
  1231 | D:2      | Reached ** piety under Trog
  1445 | D:2      | Reached XP level 4. HP: 37/37 MP: 4/4
  1553 | D:2      | Found Hepen's Weapon Emporium.
  1753 | D:2      | Found a shimmering altar of Xom.
  1972 | D:2      | Noticed Jessica
  1976 | D:2      | Killed Jessica
  1977 | D:2      | Reached skill level 6 in Polearms
  1978 | D:2      | Reached XP level 5. HP: 42/42 MP: 5/5
  2091 | D:2      | Found a faded altar of an unknown god.
  2270 | D:2      | Bought a +0 trident for 42 gold pieces
  2303 | D:3      | Found Recojial's Book Emporium.
  2854 | D:3      | Found Luafaeqo's General Store.
  3071 | D:3      | Found Zyfig's Assorted Antiques.
  3134 | D:3      | Found Nuujois's General Store.
  3318 | D:3      | Reached XP level 6. HP: 49/49 MP: 6/6
  3601 | D:4      | Reached skill level 7 in Polearms
  3639 | D:4      | Identified the +6 flail "Giantbane" {vorpal, *Drain rPois
                  | MP+9 Dex+4}
  4112 | D:4      | Noticed Ijyb
  4127 | D:4      | Killed Ijyb
  4250 | D:4      | Reached XP level 7. HP: 55/55 MP: 7/7
  4278 | D:4      | Reached *** piety under Trog
  4279 | D:4      | Reached skill level 5 in Dodging
  4559 | D:4      | Reached skill level 8 in Polearms
  4630 | D:4      | Reached skill level 5 in Fighting
  4760 | D:4      | Found Kimyegei's Serpentskin Sales.
  4770 | D:4      | Reached skill level 9 in Polearms
  5122 | D:5      | Entered Level 5 of the Dungeon
  5240 | D:5      | Reached XP level 8. HP: 60/62 MP: 8/8
  6140 | D:6      | Reached skill level 10 in Polearms
  6162 | D:6      | Identified a scroll of acquirement
  6162 | D:6      | Acquired the ring of the Saviour {+Fly rElec Dex+4}
  6513 | D:6      | Found a staircase to the Ecumenical Temple.
  6562 | D:6      | Reached skill level 11 in Polearms
  6612 | D:6      | Found an ancient bone altar of Kikubaaqudgha.
  7072 | D:6      | Found a blossoming altar of Fedhas.
  7288 | D:7      | Found a sacrificial altar of Ru.
  7315 | D:7      | Reached XP level 9. HP: 49/69 MP: 9/9
  7341 | D:7      | Reached skill level 12 in Polearms
  7365 | D:7      | Found a white marble altar of Elyvilon.
  7447 | D:7      | Found a flagged portal.
  7455 | Bailey   | Entered a bailey
  7648 | Bailey   | Reached **** piety under Trog
  8022 | D:7      | Noticed Prince Ribbit
  8029 | D:7      | Killed Prince Ribbit
  8030 | D:7      | Reached skill level 13 in Polearms
  8030 | D:7      | Reached skill level 5 in Armour
  8428 | D:4      | Bought a ring of poison resistance for 260 gold pieces
  8725 | D:8      | Found a radiant altar of Vehumet.
  8894 | D:8      | Acquired a +2 pair of gloves of strength
  9004 | D:8      | Noticed a hornet
  9020 | D:8      | Killed a hornet
  9021 | D:8      | Reached skill level 14 in Polearms
  9453 | D:9      | Noticed a two-headed ogre
  9465 | D:9      | Killed a two-headed ogre
  9466 | D:9      | Reached XP level 10. HP: 76/76 MP: 10/10
  9565 | D:9      | Found a staircase to the Orcish Mines.
  9684 | D:9      | Found an opulent altar of Gozag.
  9825 | D:9      | Reached skill level 15 in Polearms
 10224 | D:9      | Reached skill level 16 in Polearms
 10257 | D:9      | Noticed a two-headed ogre
 10269 | D:9      | Killed a two-headed ogre
 10338 | D:9      | Found a snail-covered altar of Cheibriados.
 10346 | D:9      | Found an ornate altar of the Wu Jian Council.
 10466 | D:9      | Found a basalt altar of Yredelemnul.
 10519 | D:9      | Noticed a two-headed ogre
 10524 | D:9      | Killed a two-headed ogre
 10525 | D:9      | Reached skill level 17 in Polearms
 10587 | D:9      | Found a shimmering blue altar of Sif Muna.
 10659 | Orc:1    | Entered Level 1 of the Orcish Mines
 10659 | Orc:1    | Noticed an orc sorcerer
 10668 | D:9      | Reached XP level 11. HP: 79/81 MP: 11/11
 10680 | Orc:1    | Paralysed by an orc sorcerer for 7 turns
 10692 | D:9      | Killed an orc sorcerer
 10693 | D:9      | Reached skill level 18 in Polearms
 11164 | D:10     | Entered Level 10 of the Dungeon
 11275 | D:10     | Noticed a two-headed ogre
 11284 | D:10     | Killed a two-headed ogre
 11323 | D:10     | Found a basalt altar of Yredelemnul.
 11598 | D:10     | Reached skill level 1 in Evocations
 11713 | D:10     | Reached ***** piety under Trog
 11788 | D:10     | Reached skill level 19 in Polearms
 12045 | D:10     | Found Zeelun's General Store.
 12048 | D:10     | Bought a potion of degeneration for 11 gold pieces
 12554 | D:3      | Bought a pair of embroidered boots for 157 gold pieces
 12554 | D:3      | Bought a scroll labelled OSYCUSEJORR for 21 gold pieces
 12814 | D:11     | Noticed a two-headed ogre
 12827 | D:11     | Killed a two-headed ogre
 13349 | D:11     | Identified the +1 scale mail "Qierchott" {rElec Will+ SInv}
 13489 | D:11     | Reached skill level 20 in Polearms
 14001 | D:11     | Reached skill level 5 in Evocations
 14001 | D:11     | Reached XP level 12. HP: 83/88 MP: 12/12
 14256 | D:11     | Found a staircase to the Lair.
 14481 | Lair:1   | Entered Level 1 of the Lair of Beasts
 14552 | Lair:1   | Noticed a seven-headed hydra
 14558 | Lair:1   | Killed a seven-headed hydra
 14559 | Lair:1   | Reached skill level 1 in Throwing
 14561 | Lair:1   | Identified the +11 short sword of Quantum Leap {antimagic,
                  | Fragile Str+2 Stlth+}
 15575 | Lair:2   | Found a staircase to the Shoals.
 15585 | Lair:2   | Acquired a +4 bardiche of flaming
 16806 | Lair:2   | Reached skill level 5 in Throwing
 16939 | Lair:3   | Reached XP level 13. HP: 97/98 MP: 13/13
 17588 | Lair:3   | Found a staircase to the Snake Pit.
 17622 | Lair:3   | Received a gift from Trog
 17647 | Lair:3   | Reached skill level 21 in Polearms
 18408 | Lair:4   | Found a dark tunnel.
 18416 | Volcano  | Entered a volcano
 18772 | Volcano  | Found a bloodstained altar of Trog.
 19042 | Volcano  | Noticed a stone giant
 19046 | Volcano  | Killed a stone giant
 19630 | Lair:4   | Found the +8 whip "Snakebite" {curare, rPois}
 19866 | Lair:4   | Reached skill level 22 in Polearms
 20246 | Lair:5   | Received a gift from Trog
 20564 | Lair:5   | Found a staircase to the Slime Pits.
 20569 | Lair:5   | Reached XP level 14. HP: 108/108 MP: 14/14
 20905 | Lair:6   | Entered Level 6 of the Lair of Beasts
 21064 | Lair:6   | Reached skill level 10 in Fighting
 21115 | Lair:6   | Found a frozen archway.
 21128 | IceCv    | Entered an ice cave
 21219 | IceCv    | Found a transporter.
 21243 | IceCv    | Found a transporter.
 21814 | Lair:6   | Reached skill level 23 in Polearms
 22677 | Lair:6   | Identified the +8 rapier of Anioc {vorpal, Dex+3 Stlth+}
 22817 | Lair:6   | Found a runed translucent door.
 23256 | Lair:6   | Reached XP level 15. HP: 100/118 MP: 15/15
 24224 | D:12     | Noticed Jorgrun
 24233 | D:12     | Killed Jorgrun
 24234 | D:12     | Reached skill level 24 in Polearms
 25889 | D:13     | Reached skill level 1 in Stealth
 26143 | D:13     | Reached skill level 25 in Polearms
 26504 | D:13     | Found a gate to the Vaults.
 26957 | D:3      | Bought the +7 chain mail of Recklessness {Dex+4} for 658
                  | gold pieces
 27976 | D:14     | Noticed Azrael
 28390 | D:14     | Received a gift from Trog
 28762 | Orc:2    | Entered Level 2 of the Orcish Mines
 28792 | Orc:2    | Noticed Snorg
 28800 | Orc:2    | Killed Snorg
 28838 | Orc:1    | Noticed Erica
 28850 | Orc:1    | Found a transporter.
 28870 | Orc:1    | Noticed Qihugg's ghost (journeyman DsAK)
 28930 | Orc:1    | Killed Erica
 29204 | Orc:1    | Found a transporter.
 29207 | Orc:1    | You fall into a shaft and drop 1 floor!
 29224 | Orc:2    | Reached skill level 26 in Polearms
 29315 | Orc:2    | Found a staircase to the Elven Halls.
 29357 | Orc:1    | Noticed Fannar
 29402 | Orc:1    | Killed Fannar
 29670 | Orc:1    | Found Jemiw's Distillery.
 30605 | Orc:2    | Reached ****** piety under Trog
 30605 | Orc:2    | Received a gift from Trog
 30662 | Orc:2    | Reached XP level 16. HP: 95/126 MP: 16/16
 30897 | Orc:2    | Reached skill level 10 in Armour
 31721 | Orc:2    | Found Ynibig's Distillery.
 31724 | Orc:2    | Found Acvosur's Distillery.
 31727 | Orc:2    | Found Wufoh's Distillery.
 31728 | Orc:2    | Found Beum's Armour Emporium.
 31731 | Orc:2    | Bought a +1 cloak of poison resistance for 189 gold pieces
 31731 | Orc:2    | Bought a +0 pair of boots of flying for 161 gold pieces
 32045 | D:1      | Bought a ring of fire for 300 gold pieces
 32385 | Snake:1  | Entered Level 1 of the Snake Pit
 32653 | Lair:3   | Reached skill level 1 in Shields
 33778 | Snake:1  | Noticed Roxanne
 33796 | Snake:1  | Killed Roxanne
 34498 | Snake:2  | Found Yradeess's Armour Shoppe.
 36381 | Snake:2  | Reached XP level 17. HP: 109/136 MP: 17/17
 36697 | Snake:3  | Received a gift from Trog
 36967 | Snake:3  | Found Foawomugg's Weapon Emporium.
 37926 | Snake:4  | Entered Level 4 of the Snake Pit
 38511 | Snake:4  | Shot with a bolt by a naga sharpshooter

Illustrated notes

Levels and vault maps discovered:
D:1:      wheals_arrival_shading, layout_rooms, serial_shops,
          nicolae_shop_window_shopping, hex_intersection, hangedman_decor_points
D:2:      layout_loops_corners, xom_teletrap_fun,
          chequers_ecumenical_altar_twisty, serial_shops,
          nicolae_shop_window_shopping, kennysheep_jessica_study
D:3:      layout_loops_ring, serial_shops, nicolae_shop_behind_doors, shop,
          nicolae_shop_overgrown_old_shop, shop, nrook_mini_backslash
D:4:      layout_basic, guppyfry_shop_venom, uniq_ijyb
D:5:      layout_loops_cross
D:6:      layout_basic, kennysheep_mini_moat, kennysheep_vampire_church,
          minmay_temple_entry_mist
D:7:      layout_cave_pools, nicolae_ru_sacrificial_ziggurat,
          nicolae_overflow_hidden_temple, enter_bailey_2, uniq_prince_ribbit1
D:8:      layout_cave_pools, vehumet_altar_wand_db
D:9:      minmay_distorted_concentric_squares, layout_long_grid, led_sif_pool,
          lemuel_doored_altar, minitemple, kennysheep_little_box
D:10:     kennysheep_seaside_town, layout_basic, serial_shops, kennysheep_mini,
          basic_altar
D:11:     layout_small_grid, erik_lair_dragon, eino_jars
D:12:     layout_long_grid, lightli_wizard_tower, uniq_jorgrun
D:13:     layout_loops_corners, hangedman_vaults_entry_quadrant_bands,
          drop_trap, serial_bayou_lagoon_a
D:14:     layout_roguey, minmay_misc_feat_nine_boxes, serial_curves,
          eino_curves_04, eino_curves_02, eino_curves_02,
          minmay_beelzebubs_servants, uniq_azrael
Lair:1:   layout_hall_layers
Lair:2:   layout_small_grid, minmay_shoals_entry_beasts
Lair:3:   cheibrodos_lair_river_kwai, layout_cave_pods,
          minmay_snake_entry_six_corridors, grunt_megastairs_2
Lair:4:   minmay_guarded_unrand_snakebite, layout_cave_pods,
          lightli_volcano_entry_magma_tube
Lair:5:   layout_regular_city, minmay_slime_entry_jelly_boxes,
          infiniplex_staircase_pool_2
Lair:6:   wormcave, layout_regular_city, hangedman_lair_caniforms_friends,
          portal_ice_cave_entry_pillars_2, serial_bayou_crossing
Snake:1:  layout_cave_shapes, evilmike_ambush [evilmike_ambush_outer_doors,
          evilmike_ambush_inner_wall_1], serial_bayou_shore_a, uniq_roxanne
Snake:2:  layout_grid_maze, serial_shops, shop
Snake:3:  layout_chambers, serial_shops, shop, drop_trap, nicolae_snake_shapes
Snake:4:  grunt_snake_rune_serpentine_throne, layout_cave_shapes, basic_altar,
          minmay_shop_grove
Orc:1:    layout_caves, gammafunk_ghost_stat_death, serial_shops, shop,
          uniq_erica, uniq_fannar
Orc:2:    st_orc_pillars, layout_diamond_mine, basic_altar, uniq_snorg

Skill      XL: |  1  2  3  4  5  6  7  8  9 10 11 12 13 14 15 16 17 |
---------------+----------------------------------------------------+-----
Dodging        | 3 4 5 6 7 9 |  9.0
Polearms       | 5 6 7 9 11 14 17 20 22 23 26 | 26.3
Fighting       | 4 5 6 7 9 11 13 | 13.3
Armour         | 2 3 4 5 6 7 8 9 10 | 10.9
Evocations     | 5 6 7 |  7.7
Throwing       | 5 6 7 |  7.9
Stealth        | 3 |  3.0
Shields        | 2 |  2.0

Action                   |  1- 3 |  4- 6 |  7- 9 | 10-12 | 13-15 | 16-18 || total
-------------------------+-------+-------+-------+-------+-------+-------++-------
Melee: Spear             |   127 |    55 |       |       |       |       ||   182
       Trident           |       |   140 |   405 |   251 |       |       ||   796
       Halberd           |       |       |       |   221 |       |       ||   221
       Tailslap          |       |       |       |     4 |     2 |       ||     6
       Bardiche          |       |       |       |    53 |   966 |   470 ||  1489
Throw: Dart              |       |       |     6 |       |    14 |       ||    20
       Boomerang         |       |       |       |       |    29 |    12 ||    41
       Javelin           |       |       |       |       |       |     5 ||     5
Invok: Berserk           |     1 |     2 |     5 |    10 |     7 |     3 ||    28
       Trog's Hand       |       |     1 |     2 |     4 |     1 |     4 ||    12
       Brothers in Arms  |       |       |       |     1 |     3 |     3 ||     7
Evoke: Wand              |       |       |       |     6 |     1 |     1 ||     8
       Condenser vane    |       |       |       |     1 |     1 |     1 ||     3
  Use: Scroll            |       |       |    18 |     9 |     6 |     1 ||    34
       Potion            |       |       |       |     4 |       |     1 ||     5
 Stab: Sleeping          |       |     2 |       |       |       |       ||     2
Armor: Animal skin       |    13 |     3 |       |       |       |       ||    16
       Chain mail        |       |    32 |   114 |    31 |    63 |   232 ||   472
       Plate armour      |       |       |       |   154 |       |       ||   154
       Crystal plate arm |       |       |       |   117 |   522 |       ||   639
Dodge: Dodged            |    59 |    70 |   128 |   180 |   302 |   197 ||   936
Block: Other             |       |       |       |       |   116 |    74 ||   190
       Reflection        |       |       |       |       |     5 |    10 ||    15

Table legend: (Time is in decaauts)
 A = Elapsed time spent in this place.
 B = Non-inter-level travel time spent in this place.
 C = Inter-level travel time spent in this place.
 D = Time resting spent in this place.
 E = Time spent auto-exploring this place.
 F = Levels seen in this place.
 G = Mean time per level.
                   A        B        C        D        E       F      G
               +--------+--------+--------+--------+--------+-----+--------+
         Total |  38181 |  35230 |   2951 |   2943 |  26509 |  29 | 1316.6 |
       Dungeon |  18666 |  16560 |   2106 |   1283 |  13152 |  14 | 1333.3 |
          Lair |   9630 |   9231 |    399 |    842 |   6837 |   6 | 1605.0 |
     Snake Pit |   5107 |   4768 |    339 |    195 |   3872 |   4 | 1276.8 |
  Orcish Mines |   3298 |   3192 |    106 |    209 |   2254 |   2 | 1649.0 |
        Bailey |    467 |    467 |      0 |      0 |    260 |   1 |  467.0 |
      Ice Cave |    283 |    283 |      0 |     68 |    132 |   1 |  283.0 |
       Volcano |    727 |    727 |      0 |    344 |      0 |   1 |  727.0 |
               +--------+--------+--------+--------+--------+-----+--------+

Top non-repeatable levels by time:
  Lair:6: 2849 daAuts
  Lair:3: 2295 daAuts
    D:11: 2270 daAuts
    D:13: 1971 daAuts
 Snake:2: 1960 daAuts
     D:4: 1853 daAuts
   Orc:1: 1750 daAuts
 Snake:3: 1749 daAuts
   Orc:2: 1548 daAuts
     D:3: 1452 daAuts
  Lair:2: 1385 daAuts
     D:2: 1361 daAuts
     D:9: 1342 daAuts
  Lair:4: 1330 daAuts
     D:8: 1328 daAuts
